 Dungeon Crawl Stone Soup version 0.29.0-4-gdea44cf6ec (webtiles) character file.

Game seed: 15995697520140723617

340 qw the Chopper (level 6, -2/43 HPs)
             Began as a Barachi Chaos Knight on Sept 6, 2022.
             Slain by an orc priest
             ... wielding a +0 dagger
              (4 damage)
             ... on level 4 of the Dungeon.
             The game lasted 00:01:20 (2513 turns).

qw the Chopper (Barachi Chaos Knight)               Turns: 2513, Time: 00:01:20

Health: -2/43      AC:  9    Str: 16    XL:     6   Next: 56%
Magic:  6/6        EV:  7    Int: 12    God:
Gold:   133        SH:  0    Dex: 11    Spells: 5/5 levels left

rFire   . . .      SeeInvis .   Y - +0 hand axe (chaos)
rCold   . . .      Faith    .   (no shield)
rNeg    . . .      Spirit   .   k - +0 chain mail
rPois   .          Reflect  .   (no helmet)
rElec   .          Harm     .   (no cloak)
rCorr   .          Rampage  .   b - +0 pair of gloves
Will    +....                   a - +0 pair of boots
Stlth   ..........              (no amulet)
HPRegen 0.14/turn               (no ring)
MPRegen 0.10/turn               (no ring)

@: slow
A: amphibious, slowness 1, strong legs 1, +LOS, iridescent scales 1, deformed
body, deterioration 1, frail 1, strong-willed 1, screaming 1, inability to read
after injury 1
a: Hop


You were on level 4 of the Dungeon.
You visited 1 branch of the dungeon, and saw 4 of its levels.

You collected 133 gold pieces.


Innate Abilities, Weirdness & Mutations

You are amphibious.
You cover ground slowly.
You can hop short distances.
You have an extended range of vision and can be seen from far away.
You are partially covered in iridescent scales. (AC +2)
Armour fits poorly on your strangely shaped body.
Your body sometimes deteriorates upon taking damage.
You are frail. (-10% HP)
You are strong-willed. (Will+)
You occasionally shout uncontrollably at your foes.
You occasionally lose the ability to read scrolls when taking damage.


   Skills:
 - Level 4.3 Fighting
 + Level 7.3 Axes
 - Level 3.0 Armour
 - Level 1.1 Dodging


You had 5 spell levels left.
You didn't know any spells.
Your spell library was empty.

Inventory:

Hand Weapons
 g - a +0 flail
 Y - a +0 hand axe of chaos (weapon)
Armour
 a - a +0 pair of boots (worn)
 b - a +0 pair of gloves (worn)
 k - a +0 chain mail (worn)
Scrolls
 j - a scroll of identify
Potions
 d - a potion of curing
 e - a potion of might
Miscellaneous
 c - a piece from Xom's chessboard (15/15)

Dungeon Overview and Level Annotations

Branches:
Dungeon (4/15)
 Temple: D:4-7

Altars:
Sif Muna


Message History

You kill the orc!
You completely miss something.
The orc priest looks encouraged for a moment.
Something hits you but does no damage.
You closely miss something. You slash something!
Reactivating autopickup.
You feel a bit more experienced.
A dart slug comes into view.
You closely miss the orc. The orc hits you with a +0 short sword.
You hit the orc but do no damage.
The orc goes berserk!
The orc hits you but does no damage. x2
You hit the orc but do no damage. The orc hits you with a +0 short sword.
You hit the orc but do no damage.
The orc resists with some effort.
The orc hits you with a +0 short sword. x2
You barely miss the orc. The orc hits you with a +0 short sword.
You closely miss the orc. The orc closely misses you.
The orc priest casts a cantrip, but nothing happens.
The orc barely misses you.
You barely miss the orc. The orc hits you but does no damage.
You slash the orc! You burn the orc.
The orc is severely wounded.
The orc hits you with a +0 short sword. The orc hits you but does no damage.
You hit the orc.
You kill the orc!
You hit the orc priest.
The orc priest is moderately wounded.
The orc priest hits you but does no damage.
You closely miss the orc priest.
The orc priest is moderately wounded.
The orc priest hits you with a +0 dagger.
You hit the orc priest. You burn the orc priest.
The orc priest is heavily wounded.
The orc priest hits you with a +0 dagger.
You die...

#.#..#.# #.
.....##.# .#
..... ..
#..# # #..#
#.#.####..#
#.........#
#.###.##).#
#wo@..#
#.###......#
.. #..#.#.#
#. .....# #
......
#..#### ....
..#


You could see an orc priest and a dart slug.

Vanquished Creatures
  A hound (D:2)
  2 orc priests
  Jessica (D:3)
  Terence (D:3)
  An orc wizard (D:4)
  10 adders
  A worm (D:2)
  A dart slug (D:1)
  7 orcs
  4 ball pythons
  6 endoplasms
  6 giant cockroaches
  4 goblins
  4 hobgoblins
  8 jackals
  4 kobolds
  2 quokkas
  11 bats
  4 frilled lizards
  2 rats
80 creatures vanquished.

Notes
Turn   | Place    | Note
-------+----------+-------------------------------------------
     0 | D:1      | qw the Barachi Chaos Knight began the quest for the Orb.
     0 | D:1      | Reached XP level 1. HP: 18/18 MP: 1/1
     0 | D:1      | 0 ||| qw: Version: 0.1-a-107-g9ff403c
     0 | D:1      | 0 ||| qw: Game counter: 6074
     0 | D:1      | 0 ||| qw: Always use a shield: true
     0 | D:1      | 0 ||| qw: God list: Okawaru
     0 | D:1      | 0 ||| qw: Allow faded altars: false
     0 | D:1      | 0 ||| qw: Do Orc after D:15 true
     0 | D:1      | 0 ||| qw: Do second Lair branch before Depths: true
     0 | D:1      | 0 ||| qw: Lair rune preference: random
     0 | D:1      | 0 ||| qw: Plans: Normal
     0 | D:1      | 0 ||| PLANNING D:1-11
     0 | D:1      | Fell from the grace of Xom
    38 | D:1      | 38 ||| Stepping ~*~*~tactically~*~*~ (stealth).
   368 | D:1      | Reached XP level 2. HP: 24/24 MP: 2/2
   368 | D:1      | XOM: give mutations
   368 | D:1      | Gained mutation: You are strong-willed. (Will+) [Xom's
                  | grace]
   368 | D:1      | Gained mutation: Your muscles are strong. (Str +4, Int/Dex
                  | -1) [Xom's grace]
   368 | D:1      | Gained mutation: You are partially covered in iridescent
                  | scales. (AC +2) [Xom's grace]
   368 | D:1      | Gained mutation: A frigid envelope surrounds you and
                  | freezes all who hurt you. [Xom's grace]
   385 | D:1      | Reached skill level 4 in Axes
   396 | D:1      | XOM: chaos upgrade
   401 | D:1      | 401 ||| DROPPING +0 club.
   507 | D:1      | Found a faded altar of an unknown god.
   508 | D:1      | 508 ||| Stepping ~*~*~tactically~*~*~ (stealth).
   509 | D:1      | 509 ||| Stepping ~*~*~tactically~*~*~ (stealth).
   603 | D:1      | 603 ||| Stepping ~*~*~tactically~*~*~ (stealth).
   608 | D:1      | Reached XP level 3. HP: 29/29 MP: 3/3
   609 | D:1      | 609 ||| Stepping ~*~*~tactically~*~*~ (stealth).
   703 | D:1      | 703 ||| DROPPING +1 club of chaos.
   725 | D:1      | XOM: summons 3 hostile shadow creatures
   753 | D:1      | 753 ||| UPGRADING to +0 scale mail.
   763 | D:1      | 763 ||| DROPPING +2 leather armour.
   764 | D:1      | 764 ||| READING scroll labelled ELY NOISYXT.
   765 | D:1      | 765 ||| READING scroll labelled KUEDUEC TOLOAH.
   904 | D:1      | 904 ||| READING scroll labelled GEIMPI WOAM SIS.
   905 | D:1      | 905 ||| READING scroll labelled KUHIV FUGANN.
   906 | D:1      | 906 ||| DRINKING 2 grey potions.
   947 | D:2      | Reached skill level 5 in Axes
   947 | D:2      | Reached XP level 4. HP: 29/36 MP: 4/4
  1012 | D:2      | XOM: 2-stop teleportation journey
  1044 | D:2      | XOM: 4-stop teleportation journey
  1082 | D:2      | 1082 ||| Stepping ~*~*~tactically~*~*~ (stealth).
  1083 | D:2      | 1083 ||| Stepping ~*~*~tactically~*~*~ (stealth).
  1145 | D:2      | 1145 ||| Stepping ~*~*~tactically~*~*~ (stealth).
  1160 | D:2      | Reached skill level 6 in Axes
  1160 | D:2      | Reached XP level 5. HP: 39/41 MP: 5/5
  1360 | D:2      | 1360 ||| UPGRADING to +0 pair of gloves.
  1365 | D:2      | 1365 ||| UPGRADING to +0 chain mail.
  1375 | D:2      | 1375 ||| DROPPING +0 scale mail.
  1376 | D:2      | 1376 ||| READING scroll labelled ZUSUFEARIA.
  1377 | D:2      | 1377 ||| READING 2 scrolls labelled MYRE ASKIUBYOLL.
  1378 | D:2      | 1378 ||| READING scroll labelled JAIGOSHYUWK.
  1379 | D:2      | 1379 ||| DRINKING 2 silvery potions.
  1380 | D:2      | 1380 ||| READING 2 scrolls of identify.
  1380 | D:2      | 1380 ||| IDENTIFYING lumpy red potion
  1381 | D:2      | 1381 ||| DROPPING scroll of fear.
  1382 | D:2      | 1382 ||| DROPPING potion of lignification.
  1456 | D:3      | Noticed Terence
  1467 | D:3      | Killed Terence
  1475 | D:3      | XOM: draining
  1478 | D:3      | 1478 ||| Stepping ~*~*~tactically~*~*~ (stealth).
  1482 | D:3      | 1482 ||| Stepping ~*~*~tactically~*~*~ (stealth).
  1512 | D:3      | Found a shimmering blue altar of Sif Muna.
  1533 | D:3      | XOM: give mutations
  1533 | D:3      | Lost mutation: Your muscles are strong. (Str +4, Int/Dex
                  | -1) [Xom's mischief]
  1533 | D:3      | Gained mutation: Armour fits poorly on your strangely
                  | shaped body. [Xom's mischief]
  1533 | D:3      | Gained mutation: You occasionally lose the ability to read
                  | scrolls when taking damage. [Xom's mischief]
  1533 | D:3      | Gained mutation: Your body sometimes deteriorates upon
                  | taking damage. [Xom's mischief]
  1627 | D:3      | XOM: give mutations
  1627 | D:3      | Lost mutation: A frigid envelope surrounds you and freezes
                  | all who hurt you. [Xom's mischief]
  1627 | D:3      | Gained mutation: You are frail. (-10% HP) [Xom's mischief]
  1627 | D:3      | Gained mutation: You occasionally shout uncontrollably at
                  | your foes. [Xom's mischief]
  1655 | D:3      | HP: 8/34 [poisoned by an adder]
  1860 | D:3      | XOM: summons 1 hostile demon
  2013 | D:3      | 2013 ||| Stepping ~*~*~tactically~*~*~ (hiding).
  2014 | D:3      | 2014 ||| Stepping ~*~*~tactically~*~*~ (hiding).
  2016 | D:3      | 2016 ||| Stepping ~*~*~tactically~*~*~ (hiding).
  2024 | D:3      | Reached XP level 6. HP: 35/42 MP: 6/6
  2096 | D:3      | Noticed Jessica
  2106 | D:3      | Killed Jessica
  2107 | D:3      | Reached skill level 7 in Axes
  2303 | D:3      | 2303 ||| DROPPING +0 mace.
  2434 | D:3      | 2434 ||| UPGRADING to +0 pair of boots.
  2439 | D:3      | 2439 ||| READING scroll labelled TUYGYEK ETUXIV.
  2439 | D:3      | XOM: summons 5 hostile demons
  2440 | D:3      | Noticed a chaos spawn
  2476 | D:4      | 2476 ||| PLANNING SEWER
  2481 | D:4      | XOM: 1-stop teleportation journey
  2482 | D:4      | 2482 ||| Stepping ~*~*~tactically~*~*~ (hiding).
  2483 | D:4      | 2483 ||| Stepping ~*~*~tactically~*~*~ (stealth).
  2494 | D:4      | Reached skill level 3 in Armour
  2506 | D:4      | HP: 9/43 [orc/+0 short sword (3)]
  2512 | D:4      | HP: 2/43 [orc priest/+0 dagger (5)]
  2513 | D:4      | Slain by an orc priest

Levels and vault maps discovered:
D:1:      lightli_arrival_chessboard, layout_rooms,
          hellmonk_ecumenical_altar_dog_temple
D:2:      layout_rooms
D:3:      layout_rooms, mainiacjoe_overflow_concentric_impassable, uniq_jessica,
          uniq_terence
D:4:      layout_loops_ring, gammafunk_temple_overflow_claw, temple_statues,
          gup_sewer_entry_bowl

Skill      XL: |  1  2  3  4  5  6 |
---------------+-------------------+-----
Axes           | 4 5 6 7 |  7.3
Fighting       | 4 |  4.3
Armour         | 3 |  3.0
Dodging        | |  1.1

Action                   |  1- 3 |  4- 6 || total
-------------------------+-------+-------++-------
Melee: Hand axe          |    60 |   141 ||   201
       Punch             |     2 |     1 ||     3
Invok: Renounce Religion |     1 |       ||     1
  Use: Scroll            |     4 |     5 ||     9
       Potion            |     1 |     1 ||     2
Armor: Leather armour    |    18 |       ||    18
       Scale mail        |     3 |    16 ||    19
       Chain mail        |       |    52 ||    52
Dodge: Dodged            |    33 |    62 ||    95

Table legend:
 A = Non-vault XP
 B = Vault XP
 C = Vault XP percentage of total XP
 D = Non-vault monster count
 E = Vault monster count
 F = Vault count percentage of total count
                 A         B        C        D         E       F
            +---------+---------+-------+---------+---------+-------
      Total |     408 |      79 |  16.2 |      76 |       5 |   6.2
            +---------+---------+-------+---------+---------+-------
        D:1 |      43 |       6 |  12.2 |      24 |       3 |  11.1
        D:2 |     124 |       0 |   0.0 |      21 |       0 |   0.0
        D:3 |     159 |      73 |  31.5 |      27 |       2 |   6.9
        D:4 |      82 |       0 |   0.0 |       4 |       0 |   0.0
            +---------+---------+-------+---------+---------+-------
